 Dungeon Crawl Stone Soup version 0.16-b1 (webtiles) character file.

7532 dysrexia the Carver (level 11, -15/78 HPs)
             Began as an Octopode Abyssal Knight on Mar 15, 2015.
             Was a High Priest of Lugonu.
             Demolished by a white ugly thing (22 damage)
             ... on level 11 of the Dungeon.
             The game lasted 00:56:46 (15602 turns).

dysrexia the Carver (Octopode Abyssal Knight)      Turns: 15602, Time: 00:56:46

Health: -15/78     AC:  6    Str: 14    XL:     11   Next: 16%
Magic:  24/24      EV: 15    Int: 15    God:    Lugonu [*****.]
Gold:   678        SH:  6    Dex: 15    Spells: 1 memorised, 4 levels left

rFire  + . .     SeeInvis .     n - +4 falchion (protect)
rCold  . . .     Clarity  .     e - +1 buckler
rNeg   . . .     SustAb   .     (helmet restricted)
rPois  .         Gourm    .     t - amulet of faith
rElec  .         Spirit   .     u - ring of protection from magic
rCorr  .         Warding  .     f - +3 ring of strength
rMut   .         Stasis   .     O - ring of protection from fire
MR     +....                    (no ring)
Stlth  +++++.....               (no ring)
                                (no ring)
                                (no ring)
                                (no ring)

@: somewhat resistant to hostile enchantments, quite stealthy
A: almost no armour, amphibious, 8 rings, constrict 8, camouflage 1, gelatinous
body 1
a: Depart the Abyss, Bend Space, Banish, Corrupt, Enter the Abyss, Renounce
Religion


You were on level 11 of the Dungeon.
You worshipped Lugonu.
Lugonu was extremely pleased with you.
You were hungry.

You visited 1 branch of the dungeon, and saw 11 of its levels.
You visited the Abyss 1 time.
You also visited: Sewer.

You collected 678 gold pieces.

Inventory:

Hand weapons
 n - a +4 falchion of protection (weapon)
 L - a +0 blowgun
Missiles
 d - 214 stones (quivered)
 w - 4 curare-tipped needles
 G - 11 poisoned needles
 M - 8 needles of sleeping
Armour
 e - a +1 buckler (worn)
Jewellery
 f - a +3 ring of strength (right tentacle)
 h - an uncursed amulet of resist mutation
 t - an amulet of faith (around mantle)
 u - a ring of protection from magic (left tentacle)
 O - a ring of protection from fire (on tentacle)
Magical devices
 s - a wand of fire (4)
 y - a wand of draining (4)
 A - a wand of fireball (2)
 D - a wand of lightning (6)
 E - a wand of random effects (25)
Scrolls
 m - 3 scrolls of teleportation
 o - 7 scrolls of remove curse
 p - 2 scrolls of enchant armour
 r - 3 scrolls of magic mapping
 H - a scroll of fear
 K - 3 scrolls of identify
 N - a scroll of enchant weapon
 Q - a scroll of noise {unknown}
Potions
 a - 2 potions of agility
 g - a potion of magic
 k - 2 potions of brilliance
 l - a potion of cancellation
 q - a potion of mutation
 z - a potion of curing
 B - 2 potions of restore abilities
 C - a potion of resistance
 I - a potion of poison {unknown}
 J - a potion of heal wounds {unknown}
 P - a potion of cure mutation {unknown}
Books
 i - a book of Spatial Translocations

   Spells                             Type                      Level
   a - Apportation                    Translocation                1
   b - Blink                          Translocation                2
   c - Shroud of Golubria             Charms/Translocation         2
   d - Portal Projectile              Translocation                3
   e - Teleport Other                 Translocation                3
   f - Passage of Golubria            Translocation                4
 j - a book of Enchantments

   Spells                             Type                      Level
   a - Tukima's Dance                 Hexes                        3
   b - Cause Fear                     Hexes                        4
   c - Silence                        Hexes/Air                    5
   d - Deflect Missiles               Charms/Air                   6
   e - Haste                          Charms                       6
   f - Discord                        Hexes                        8
 F - a book of Annihilations {highlevel, unknown}

   This book is beyond your current level of understanding.

   Spells                             Type                      Level
   a - Poison Arrow                   Conjuration/Poison           6
   b - Chain Lightning                Conjuration/Air              8
   c - Lehudib's Crystal Spear        Conjuration/Earth            8
   d - Glaciate                       Conjuration/Ice              9
   e - Fire Storm                     Conjuration/Fire             9
Comestibles
 b - 6 slices of pizza
 c - 9 bread rations
 v - 8 meat rations
 x - 21 fruits


   Skills:
 - Level 8.4 Fighting
 - Level 9.4 Long Blades
 - Level 5.6 Dodging
 - Level 6.0 Stealth
 - Level 5.0 Shields
 * Level 9.4 Invocations


You had 4 spell levels left.
You knew the following spells:

 Your Spells              Type           Power        Failure   Level  Hunger
a - Haste                 Chrm           #.......     100%        6    #######


Dungeon Overview and Level Annotations

Branches:
Dungeon (11/15)            Temple (0/1) D:5             Orc (0/4) D:9
   Lair: D:8-11

Altars:
Elyvilon
Makhleb
Okawaru
Ru
Yredelemnul
The Shining One

Shops:
D:6 %   D:10 [

Annotations:
D:3 Robin
Abyss:1 Erolcha, Joseph, Psyche


Innate Abilities, Weirdness & Mutations

You cannot wear most types of armour.
You are amphibious.
You can wear up to eight rings at the same time.
You can use your tentacles to constrict many enemies at once.
Your skin changes colour to match your surroundings (Stealth).
Your rubbery body absorbs attacks (AC +1).


Message History

The white ugly thing is lightly wounded.
You constrict the white ugly thing. The white ugly thing barely misses you.
You slash the white ugly thing!
The white ugly thing is moderately wounded.
You constrict the white ugly thing.
You block the white ugly thing's attack.
You hit the white ugly thing.
The white ugly thing is heavily wounded.
You constrict the white ugly thing. The white ugly thing stings you.
The white ugly thing freezes you!!
* * * LOW HITPOINT WARNING * * *
You release your grip on the white ugly thing.
Use which ability? (? or * to list)
Press: ? - help, Shift-Dir - straight line, f - white ugly thing
Aim: a white ugly thing (heavily wounded, chance 72%)
Okay, then.
The white ugly thing stings you!
* * * LOW HITPOINT WARNING * * *
The white ugly thing freezes you!!
You die...

.# .# ##### #...# ##### .. .#
##...###...###...##
#.##.####.....##...##.....##
#..#.#.#.......#...#.......# #.##
#.#...#.......'...'.......# #.#.
#.#.# #....†..#...#.......# ...
#...####.....##...##....[## #.
##.....###..†###u..###...## #.
#......# ##### #@..# ##### #.
#......###...# #...###...## #.
#......##.....##...##.....#### #.
#....<.#.......#...#.......#..##.
#......#..)....%...'.......##..#.
#......#.......#...#.......# #...
.......##.....##...##.....######.
........##...##.....##...##......
.........#####.......############


You could see a white ugly thing.

Vanquished Creatures
  A cyclops (D:10)
  A troll (D:9)
  2 hippogriffs (D:10)
  A wraith (D:11)
  Grum (D:9)
  2 wolves (D:9)
  An orc warrior (D:9)
  2 wasps
  2 phantoms
  An eye of draining (D:9)
  A sky beast (D:6)
  3 ogres
  An ice beast (D:11)
  A necrophage (D:9)
  A big kobold (D:11)
  3 centaurs
  Duvessa (D:9)
  11 giant frogs
  3 scorpions
  15 killer bees
  5 crimson imps
  A giant frog zombie (D:9)
  A goliath beetle (D:9)
  Dowan (D:9)
  A centaur zombie (D:9)
  5 wights
  3 jellies
  2 giant frog skeletons
  Crazy Yiuf (D:6)
  4 hounds
  6 orc priests
  An iguana (D:10)
  12 orc wizards
  4 worker ants
  2 hound zombies (D:11)
  A worker ant zombie (D:5)
  19 adders
  8 gnolls
  3 shadow imps
  2 worms (D:3)
  2 adder zombies
  An adder skeleton (D:9)
  3 giant geckos
  2 oozes
  80 orcs
  2 ball pythons
  24 bats
  2 bat zombies
  3 giant cockroaches
  19 goblins
  19 hobgoblins
  2 jackals (D:5)
  2 quokkas
  A giant gecko zombie (D:5)
  5 giant newts
  19 kobolds
  A quokka zombie (D:7)
  8 rats
331 creatures vanquished.

Vanquished Creatures (others)
  3 trolls
  A deep elf mage (D:9)
  3 orc warriors (D:9)
  An ogre (D:9)
8 creatures vanquished.

Grand Total: 339 creatures vanquished

Notes
Turn   | Place    | Note
--------------------------------------------------------------
     0 | Abyss:1  | dysrexia, the Octopode Abyssal Knight, began the quest for the Orb.
     0 | Abyss:1  | Reached XP level 1. HP: 16/16 MP: 1/1
    28 | Abyss:1  | Noticed a freezing wraith
    30 | D:1      | Escaped the Abyss
   273 | D:1      | Reached XP level 2. HP: 13/21 MP: 2/2
   454 | D:1      | Acquired Lugonu's first power
  1007 | D:2      | Reached XP level 3. HP: 23/26 MP: 3/3
  1576 | D:2      | Reached skill level 4 in Long Blades
  1708 | D:3      | Reached XP level 4. HP: 31/31 MP: 5/5
  1720 | D:3      | Acquired Lugonu's second power
  1749 | D:3      | Found a glowing drain.
  1887 | Sewer    | Entered a sewer
  1915 | Sewer    | Noticed Purgy
  2099 | D:3      | Reached skill level 5 in Long Blades
  2099 | D:3      | Reached XP level 5. HP: 27/36 MP: 6/6
  2398 | D:3      | Noticed Robin
  2967 | D:3      | Found a glowing golden altar of the Shining One.
  2967 | D:3      | Found a basalt altar of Yredelemnul.
  2967 | D:3      | Found an iron altar of Okawaru.
  3097 | D:3      | Reached XP level 6. HP: 35/44 MP: 7/7
  3228 | D:4      | You fall through a shaft for 3 floors!
  3228 | D:7      | Found a white marble altar of Elyvilon.
  3593 | D:7      | Reached skill level 5 in Fighting
  3871 | D:7      | Acquired Lugonu's third power
  4001 | D:5      | Entered Level 5 of the Dungeon
  4399 | D:4      | Reached skill level 6 in Fighting
  4399 | D:4      | Reached XP level 7. HP: 31/52 MP: 9/9
  5285 | D:5      | Found a staircase to the Ecumenical Temple.
  5689 | D:5      | Learned a level 6 spell: Haste
  6346 | D:6      | Noticed Crazy Yiuf
  6351 | D:6      | Killed Crazy Yiuf
  6709 | D:6      | Found Afasm's Food Boutique.
  6776 | D:6      | Reached XP level 8. HP: 58/58 MP: 14/14
  6889 | D:6      | Reached skill level 5 in Invocations
  7450 | D:6      | Reached skill level 5 in Stealth
  7660 | D:6      | Acquired Lugonu's fourth power
  8121 | D:7      | Reached skill level 7 in Invocations
  8229 | D:7      | Reached skill level 1 in Shields
  8604 | D:7      | Reached XP level 9. HP: 56/63 MP: 20/20
  9608 | D:8      | Noticed Psyche
  9680 | D:8      | Banished Psyche
  9680 | D:8      | Reached skill level 8 in Invocations
  9821 | D:8      | Found a sacrificial altar of Ru.
 10203 | D:8      | Found a burning altar of Makhleb.
 10204 | D:8      | Noticed Erolcha
 10206 | D:8      | Banished Erolcha
 10639 | D:9      | Reached skill level 9 in Invocations
 11263 | D:9      | Reached skill level 5 in Dodging
 11608 | D:9      | Reached skill level 5 in Shields
 11608 | D:9      | Reached XP level 10. HP: 50/69 MP: 22/22
 11840 | D:9      | Noticed Duvessa
 11842 | D:9      | Noticed Dowan
 11861 | D:9      | Killed Duvessa
 11864 | D:9      | Killed Dowan
 12019 | D:9      | Found a staircase to the Orcish Mines.
 12413 | D:9      | Noticed Grum
 12658 | D:9      | Killed Grum
 13028 | D:9      | Acquired Lugonu's fifth power
 13734 | D:10     | Entered Level 10 of the Dungeon
 14487 | D:10     | Found Xotzeymeo's Armour Boutique.
 14586 | D:11     | Noticed a cyclops
 14600 | D:10     | Killed a cyclops
 14915 | D:11     | Reached XP level 11. HP: 65/77 MP: 24/24
 14980 | D:11     | Noticed Joseph
 14989 | D:11     | Banished Joseph
 15584 | D:11     | Noticed a white ugly thing
 15602 | D:11     | Demolished by a white ugly thing

Action                   |  1- 3 |  4- 6 |  7- 9 | 10-12 || total
-------------------------+-------+-------+-------+-------++-------
Melee: Falchion          |    72 |   152 |   371 |   310 ||   905
 Fire: Blowgun           |       |       |       |     5 ||     5
Throw: Stone             |     1 |    12 |    67 |    37 ||   117
Invok: Depart the Abyss  |     1 |       |       |       ||     1
       Banish            |       |       |     8 |     6 ||    14
  Use: Scroll            |     2 |     1 |    15 |     1 ||    19
       Potion            |       |       |     4 |       ||     4
 Stab: Sleeping          |     2 |     2 |     5 |     5 ||    14
       Distracted        |       |       |     1 |     1 ||     2
  Eat: Chunk             |     3 |     8 |    24 |    13 ||    48
       Beef jerky        |       |       |     1 |     1 ||     2
       Fruit             |       |       |       |     1 ||     1
